 Dungeon Crawl Stone Soup version 0.31-a0-543-geaa9c7a2c0 (webtiles) character file.

Game seed: 3730324203616587338

2 Ethylacetat the Insei (level 1, 0/14 HPs)
             Began as an Octopode Gladiator on Aug 15, 2023.
             Slain by a jackal (2 damage)
             ... on level 1 of the Dungeon.
             The game lasted 00:00:18 (97 turns).

Ethylacetat the Insei (Octopode Gladiator)            Turns: 97, Time: 00:00:19

Health: 0/14       AC:  1    Str: 13    XL:     1   Next: 30%
Magic:  1/1        EV: 13    Int: 10    God:
Gold:   0          SH:  0    Dex: 13    Spells: 0/0 levels left

rFire   . .          .
                       - Unarmed
rCold   . . .        (no shield)
rNeg    . . .        a - +0 hat
rPois   .            (no amulet)
rElec   .            (no ring)
rCorr   .            (no ring)
SInv    .            (no ring)
Will    .....        (no ring)
Stlth   ++           (no ring)
HPRegen 0.22/turn    (no ring)
MPRegen 0.07/turn    (no ring)
                     (no ring)

%: no passive effects
@: no status effects
A: almost no armour, amphibious, 8 rings, camouflage 1, gelatinous body 1,
(nimble swimmer 1), tentacles
a: no special abilities


You were on level 1 of the Dungeon.
You visited 1 branch of the dungeon, and saw 1 of its levels.

Inventory:

Missiles
 b - 3 throwing nets (quivered)
 c - a javelin
Armour
 a - a +0 hat (worn)
Potions
 d - a potion of degeneration {unknown}


   Skills:
 + Level 2.0 Fighting
 - Level 2.0 Throwing
 + Level 3.0 Dodging
 + Level 3.0 Unarmed Combat


You couldn't memorise any spells.
You didn't know any spells.
Your spell library was empty.

Dungeon Overview and Level Annotations

Branches:
Dungeon (1/15)

Altars:


Innate Abilities, Weirdness & Mutations

You cannot wear most types of armour.
You are amphibious.
You can wear up to eight rings at the same time.
Your skin changes colour to match your surroundings (Stealth+).
Your rubbery body absorbs attacks. (AC +1, EV +1)
((You are camouflaged when in or above water. (Stealth+)))
You have tentacles for arms and can constrict up to eight enemies at once.


Message History

A jackal comes into view. x2
A frilled lizard and a kobold come into view.
Found a dagger.
The kobold shouts!
The jackal barks! x3
The jackal bites you.
A frilled lizard comes into view.
The jackal misses you.
The frilled lizard hisses angrily.
The jackal barks!
You closely miss the jackal. Your grab misses the jackal.
The jackal bites you. x2
You tentacle-slap the jackal. You grab the jackal.
You squeeze the jackal, but do no damage.
The jackal is severely wounded.
You constrict the jackal, but do no damage.
The jackal bites you. The jackal misses you. The jackal barely misses you.
The hobgoblin misses you. The jackal closely misses you.
A ball python comes into view.
You are too injured to fight recklessly!
You are too injured to fight recklessly!
You are too injured to fight recklessly!
Unknown command.
You are too injured to fight recklessly!
You are too injured to fight recklessly!
Unknown command.
You are too injured to fight recklessly!
Unknown command.
You are too injured to fight recklessly!
Unknown command.
You are too injured to fight recklessly!
You are too injured to fight recklessly!
You miss the jackal. You grab the jackal. You constrict the jackal. x2
The jackal closely misses you. x2; The jackal bites you. x2
* * * LOW HITPOINT WARNING * * *
The hobgoblin closely misses you. The jackal misses you. The jackal bites you.
* * * LOW HITPOINT WARNING * * *
You tentacle-slap the jackal. You squeeze the jackal.
You kill the jackal!
You constrict the jackal.
You kill the jackal!
The jackal bites you.
You die...

). ##S# #...
#... #..l ##.
#### #..l
..>....
####..†######
#.#..##.
.....K.@....#
#J...##.
......hhg...#
#.##....
............#
##.##.##.
####...####.#
#......#. #...
#.# #........
#... #.#
#.###..## #...
#.# #.#....~♣
#...
#.####.#.#.~~♣
#..........♣≈~


You could see 2 jackals, a hobgoblin, a ball python, a kobold and 2 frilled
lizards.

Vanquished Creatures
  An endoplasm (D:1)
  2 jackals (D:1)
  A ball python (D:1)
4 creatures vanquished.

Notes
Turn   | Place    | Note
-------+----------+-------------------------------------------
     0 | D:1      | Ethylacetat the Octopode Gladiator began the quest for the
                  | Orb.
     0 | D:1      | Reached XP level 1. HP: 14/14 MP: 1/1
    97 | D:1      | Slain by a jackal

Illustrated notes

Levels and vault maps discovered:
D:1:      reono_arrival_forest_river, layout_loops_cross

Action                     || total
---------------------------++-------
  Melee: Unarmed           ||    12
         Constrict         ||     3
         Tentacles         ||     2
         Punch             ||     1
   Stab: Sleeping          ||     1
  Dodge: Dodged            ||    12

Table legend: (Time is in decaauts)
 A = Elapsed time spent in this place.
 B = Non-inter-level travel time spent in this place.
 C = Inter-level travel time spent in this place.
 D = Time resting spent in this place.
 E = Time spent auto-exploring this place.
 F = Levels seen in this place.
 G = Mean time per level.
                   A        B        C        D        E       F      G
               +--------+--------+--------+--------+--------+-----+--------+
         Total |     96 |     96 |      0 |     37 |     35 |   1 |   96.0 |
       Dungeon |     96 |     96 |      0 |     37 |     35 |   1 |   96.0 |
               +--------+--------+--------+--------+--------+-----+--------+

Top non-repeatable levels by time:
     D:1: 96 daAuts
